 Dungeon Sprint DCSS version 0.27.1-1-g398f81649c (webtiles) character file.

Game seed: 11421550737424130829

516 styxcanada the Unseen (level 7, -1/57 HPs)
             Began as a Spriggan Brigand on Sept 21, 2021.
             Was an Initiate of Gozag.
             Slain by a river rat (3 damage)
             ... in the Dungeon (Sprint VII: "The Pits").
             The game lasted 00:03:05 (464 turns).

styxcanada the Unseen (Spriggan Brigand)             Turns: 464, Time: 00:03:05

Health: -1/57      AC:  3    Str:  7    XL:     7   Next: 0%
Magic:  8/8        EV: 21    Int: 13    God:    Gozag
Gold:   522        SH:  0    Dex: 18    Spells: 6/6 levels left

rFire    . . .     SeeInvis +   o - +2 dagger (drain)
rCold    . . .     Faith    .   (shield restricted)
rNeg     . . .     Spirit   .   b - +0 robe
rPois    .         Reflect  .   (helmet restricted)
rElec    .         Harm     .   c - +0 cloak
rCorr    .         Rampage  .   (gloves unavailable)
Will     +....     NoTele   +   (boots unavailable)
Stlth    ..........             (no amulet)
HPRegen  0.19/turn              (no ring)
MPRegen  0.11/turn              (no ring)

@: berserking (expiring), very quick
A: very small, no large weapons, unfitting armour, see invisible, speed 3
a: Renounce Religion, Potion Petition, Call Merchant, Bribe Branch


You were in the Dungeon.
You worshipped Gozag.
Gozag was pleased with you.
You visited 1 branch You collected 522 gold pieces.

Inventory:

Hand Weapons
 a - a +2 dagger
 n - a +1 long sword of flaming
 o - a +2 dagger of draining (weapon)
Missiles
 d - 7 poisoned darts
 e - 2 curare-tipped darts (quivered)
 m - 12 stones
Armour
 b - a +0 robe (worn)
 c - a +0 cloak (worn)
Scrolls
 k - a scroll of blinking
Potions
 f - 6 potions of curing
 g - 5 potions of heal wounds
 h - a potion of haste
 i - 4 potions of magic
 j - 2 potions of berserk rage
 l - 2 potions of invisibility


   Skills:
 * Level 4.7 Fighting
 + Level 5.2 Short Blades
 + Level 4.4 Throwing
 * Level 6.9 Dodging
 * Level 17.2 Stealth


You had 6 spell levels left.
You didn't know any spells.
Your spell library was empty.

Dungeon Overview and Level Annotations

Branches:
Dungeon (1/1)

Altars:
Ashenzari
Cheibriados
Dithmenos
Elyvilon
Fedhas
Gozag
Hepliaklqana
Kikubaaqudgha
Makhleb
Nemelex Xobeh
Okawaru
Qazlal
Ru
Sif Muna
Trog
Uskayaw
Vehumet
Wu Jian
Xom
Yredelemnul
Zin
The Shining One
Beogh
Jiyva
Lugonu


Innate Abilities, Weirdness & Mutations

You are very small and have problems with some larger weapons.
You are too small for most types of armour.
You have supernaturally acute eyesight. (SInv)
You cover ground extremely quickly. (Speed+++)


Message History

The ice beast hits you. The ice beast freezes you.
* * * LOW HITPOINT WARNING * * *
The gnoll barely misses you.
You puncture the ice beast!
You kill the ice beast!
Your Throwing skill increases to level 4!
You puncture the gnoll!
The gnoll is severely wounded.
The gnoll misses you.
You hit the gnoll.
You kill the gnoll!
The river rat twitches its whiskers.
You puncture the wolf! You drain the wolf.
The wolf is severely wounded.
The gnoll hits you but does no damage.
You hit the wolf.
You kill the wolf!
Your Short Blades skill increases to level 5!
Your Stealth skill increases to level 17!
The adder closely misses you. The gnoll hits you with a +0 spear.
* * * LOW HITPOINT WARNING * * *
There is an open door, spattered with blood here.
Items here: $ )))) [.
You puncture the adder!
The adder is almost dead.
The warg is distracted by your dazzling golden aura.
You closely miss the adder.
The adder is almost dead.
The adder barely misses you. The gnoll hits you with a +0 spear.
* * * LOW HITPOINT WARNING * * *
The warg howls!
You puncture the adder!
You kill the adder!
You have reached level 7!
You barely miss the river rat. The gnoll misses you.
You hit the river rat but do no damage. You drain the river rat.
The river rat is moderately wounded.
The river rat bites you.
You die...
Your body crumbles into a pile of gold.

#.#..#..#).##.....
#.#..'..'..#####'#
#.##'####'###.....
#.#........##.....
#.#........##.....
#.#####'#####...<.
#.#..[).)..##.....
#.#..[))...##.....
#@###########.....
#rgh....# ######
#g.###..# #...
##.## .. .# ..


You could see a warg, 2 gnolls and a river rat (drained).

Vanquished Creatures
  2 floating eyes (D)
  An ice beast (D)
  A wolf (D)
  A scorpion (D)
  A gnoll shaman (D)
  4 gnolls (D)
  An adder (D)
  An ufetubus (D)
  A bat (D)
  2 ball pythons (D)
  A kobold (D)
  A rat (D)
17 creatures vanquished.

Notes
Turn   | Place    | Note
-------+----------+-------------------------------------------
     0 | D        | styxcanada the Spriggan Brigand began the quest for the
                  | Orb.
     0 | D        | Reached XP level 1. HP: 10/10 MP: 2/2
     8 | D        | Noticed a scorpion
    11 | D        | Killed a scorpion
    12 | D        | Reached skill level 10 in Stealth
    12 | D        | Reached XP level 2. HP: 16/16 MP: 3/3
    12 | D        | Reached XP level 3. HP: 19/19 MP: 4/4
    14 | D        | Found a bloodstained altar of Trog.
    14 | D        | Found a shimmering blue altar of Sif Muna.
    14 | D        | Found a viscous altar of Jiyva.
    14 | D        | Found a hazy altar of Hepliaklqana.
    14 | D        | Found an opulent altar of Gozag.
    15 | D        | Found a glowing golden altar of the Shining One.
    15 | D        | Found a glowing silver altar of Zin.
    15 | D        | Found a basalt altar of Yredelemnul.
    15 | D        | Found a shimmering altar of Xom.
    15 | D        | Found an ornate altar of the Wu Jian Council.
    15 | D        | Found a sacrificial altar of Ru.
    15 | D        | Found a stormy altar of Qazlal.
    15 | D        | Found an iron altar of Okawaru.
    15 | D        | Found a sparkling altar of Nemelex Xobeh.
    15 | D        | Found a burning altar of Makhleb.
    15 | D        | Found a blossoming altar of Fedhas.
    15 | D        | Found a white marble altar of Elyvilon.
    15 | D        | Found a shadowy altar of Dithmenos.
    15 | D        | Found a snail-covered altar of Cheibriados.
    16 | D        | Found a radiant altar of Vehumet.
    16 | D        | Found a corrupted altar of Lugonu.
    17 | D        | Found an ancient bone altar of Kikubaaqudgha.
    17 | D        | Found a hide-covered altar of Uskayaw.
    17 | D        | Found a broken altar of Ashenzari.
    19 | D        | Became a worshipper of Gozag Ym Sagoz the Greedy
    76 | D        | Reached skill level 11 in Stealth
   205 | D        | Noticed a floating eye
   214 | D        | Paralysed by a floating eye for 4 turns
   231 | D        | Killed a floating eye
   232 | D        | Reached skill level 13 in Stealth
   232 | D        | Reached XP level 4. HP: 24/24 MP: 5/5
   232 | D        | Reached XP level 5. HP: 28/28 MP: 6/6
   246 | D        | Noticed a floating eye
   253 | D        | Paralysed by a floating eye for 3 turns
   260 | D        | Killed a floating eye
   261 | D        | Reached skill level 5 in Dodging
   261 | D        | Reached skill level 15 in Stealth
   261 | D        | Reached XP level 6. HP: 33/33 MP: 7/7
   425 | D        | Noticed an ice beast
   443 | D        | Noticed a warg
   450 | D        | Reached skill level 16 in Stealth
   454 | D        | Killed an ice beast
   459 | D        | Reached skill level 5 in Short Blades
   459 | D        | Reached skill level 17 in Stealth
   461 | D        | HP: 2/51 [gnoll (6)]
   463 | D        | Reached XP level 7. HP: 2/38 MP: 8/8
   464 | D        | Slain by a river rat

Illustrated notes

Levels and vault maps discovered:
D:        pitsprint [storerooms_1, entrance_room_1, metal_vault_4, armoury_3,
          mini_pit_1, grid_room_1, main_hall_1, silver_pit, the_coven_1,
          the_vestibule_1, steel_vault_5, golden_pit, hallway_of_sentries,
          crystal_vault_1, iron_vault_1, final_vault]

Skill      XL: |  1  2  3  4  5  6 |
---------------+-------------------+-----
Fighting       | 2 3 4 |  4.7
Dodging        | 3 4 5 6 |  6.9
Stealth        | 10 13 15 17 | 17.2
Short Blades   | 3 4 5 |  5.2
Throwing       | 3 4 |  4.4

Action                   |  1- 3 |  4- 6 |  7- 9 || total
-------------------------+-------+-------+-------++-------
Melee: Dagger            |     9 |    51 |     2 ||    62
Throw: Dart              |    11 |       |       ||    11
  Use: Potion            |     1 |     1 |       ||     2
 Stab: Sleeping          |     1 |     4 |       ||     5
       Distracted        |       |     1 |       ||     1
Armor: Robe              |     1 |     1 |       ||     2
Dodge: Dodged            |     3 |    23 |     1 ||    27
